Map: Катализатор РВ

Players

ИИ 1 (новичок)

  • Race: Terran Terran
  • Spawn Location: 5:00

Doll - Winner!

  • Race: Zerg Zerg
  • Spawn Location: 11:00

VOD

Have the link to the VOD?

Description

Time

  • Played on: March 12, 2021, 11:35 a.m.
  • Length: 13:14
Show
View Real Time Build Order
Export as new Build Order

ИИ 1 (новичок) Terran 

Build Orders: Reaper Expand 

Get SALT Encoding   

  12  0:00  SCV  
  13  0:13  SCV  
  14  0:18  Supply Depot  
  14  0:42  Barracks  
  14  1:04  Command Center  
  14  1:29  Marine  
  14  1:31  Orbital Command, Supply Depot  
  15  1:38  Refinery  
  15  1:50  Refinery  
  15  1:57  SCV  
  16  2:09  SCV  
  17  2:18  Reaper  
  17  2:21  SCV  
  19  2:23  SCV  
  20  2:33  SCV  
  21  2:37  SCV  
  22  2:45  SCV  
  23  2:51  SCV  
  23  2:58  SCV  
  23  3:02  Marine  
  23  3:06  SCV  
  22  3:13  SCV  
  23  3:20  SCV  
  24  3:27  SCV  
  25  3:35  SCV  
  25  3:36  Factory  
  26  3:48  Marine  
  27  4:03  Refinery  
  27  4:04  SCV  
  27  4:06  Barracks Tech Lab  
  27  4:08  Refinery  
  28  4:11  SCV  
  29  4:18  SCV  
  29  4:23  Supply Depot  
  30  4:24  Starport  
  30  4:26  SCV  
  31  4:33  SCV  
  31  4:34  Marauder  
  34  4:40  SCV  
  35  4:47  SCV  
  36  4:54  SCV  
  37  5:01  SCV  
  37  5:02  Starport Tech Lab  
  37  5:03  Supply Depot  
  38  5:09  SCV  
  39  5:16  SCV  
  39  5:19  Marauder  
  39  5:21  Raven  
  42  5:23  SCV  
  45  5:30  SCV  
  46  5:37  SCV  
  47  5:45  SCV  
  48  6:03  Marine  
  48  6:04  Raven  
  51  6:48  Marine  
  52  7:33  Marine  
  53  10:34  Reaper, Medivac  
  56  10:37  Supply Depot  
  56  11:04  Medivac  
  56  11:06  Reaper  
  46  11:34  Raven  
  46  11:38  Marine  
  49  11:43  Command Center  
  49  11:56  Marauder  
  51  12:16  Raven  
  51  12:17  Marine  
  54  12:35  Marine  
  54  12:46  Supply Depot  
  54  12:48  SCV  
  27  12:52  Marine  
  27  12:55  SCV  
  27  12:57  Refinery  
  17  13:11  Refinery  
Show
View Real Time Build Order
Export as new Build Order

Doll Zerg - Winner!

Build Orders: Hatch First 

Get SALT Encoding   

  12  0:01  Drone  
  13  0:13  Overlord  
  13  0:17  Drone  
  14  0:32  Drone x2  
  16  0:53  Drone  
  16  0:54  Hatchery  
  16  0:59  Drone  
  16  1:00  Drone  
  18  1:08  Extractor  
  17  1:18  Spawning Pool  
  16  1:21  Drone  
  16  1:24  Drone  
  18  1:32  Drone  
  19  1:39  Overlord  
  19  2:06  Queen x2, Zergling x4  
  25  2:08  Drone  
  25  2:13  Drone  
  27  2:18  Drone  
  28  2:23  Drone  
  29  2:30  Drone  
  29  2:33  Drone  
  31  2:39  Extractor  
  30  2:48  Drone  
  31  2:52  Drone  
  31  2:53  Hatchery, Drone  
  32  2:58  Drone  
  32  3:00  Drone  
  34  3:06  Drone  
  34  3:13  Zergling x2  
  34  3:17  Lair  
  34  3:18  Overlord  
  34  3:28  Spine Crawler  
  33  3:35  Metabolic Boost  
  33  3:37  Roach Warren  
  33  3:39  Zergling x2  
  33  3:42  Drone  
  33  3:43  Drone  
  33  3:47  Drone  
  36  3:48  Drone  
  36  3:51  Zergling x2  
  36  3:53  Zergling x2  
  39  3:56  Zergling x2  
  39  4:01  Overlord  
  40  4:03  Drone  
  40  4:06  Drone  
  40  4:08  Drone  
  43  4:10  Drone  
  43  4:14  Overlord  
  44  4:20  Roach, Drone  
  47  4:24  Roach  
  47  4:27  Roach  
  47  4:29  Roach  
  53  4:32  Drone x2  
  53  4:34  Drone  
  53  4:36  Drone  
  58  4:38  Drone  
  58  4:40  Drone  
  58  4:45  Drone  
  60  4:46  Infestation Pit  
  60  4:48  Glial Reconstitution  
  60  4:52  Drone x2  
  61  4:57  Overlord  
  61  4:59  Roach  
  63  5:00  Roach  
  65  5:10  Hydralisk Den  
  64  5:14  Overlord  
  64  5:15  Spire  
  64  5:16  Drone  
  64  5:17  Drone x2  
  64  5:20  Drone  
  67  5:21  Overlord  
  67  5:23  Drone  
  68  5:30  Extractor  
  68  5:32  Extractor  
  68  5:33  Hive  
  68  5:34  Roach  
  68  5:36  Roach  
  68  5:37  Drone  
  68  5:39  Drone  
  68  5:40  Drone  
  68  5:41  Drone  
  74  5:47  Drone x2  
  76  5:51  Extractor  
  76  5:52  Drone  
  76  5:53  Extractor, Drone x3  
  76  5:54  Drone  
  76  5:55  Roach  
  81  6:00  Hydralisk  
  81  6:01  Hydralisk  
  85  6:10  Baneling Nest, Drone x3  
  87  6:14  Overlord  
  87  6:23  Hydralisk  
  87  6:25  Overlord  
  89  6:31  Overlord  
  89  6:33  Hydralisk x2  
  89  6:34  Hydralisk x2  
  89  6:37  Overlord  
  97  6:44  Hydralisk  
  97  6:45  Hydralisk x2  
  103  6:53  Hydralisk  
  105  6:54  Ultralisk Cavern, Drone  
  105  6:55  Drone  
  105  6:56  Drone  
  105  6:57  Drone  
  105  6:58  Drone  
  109  7:02  Greater Spire  
  109  7:05  Hydralisk  
  109  7:06  Hydralisk  
  113  7:09  Baneling  
  113  7:10  Baneling x2  
  113  7:11  Baneling x2  
  113  7:16  Drone  
  113  7:17  Drone x2  
  113  7:18  Drone x3  
  113  7:20  Drone  
  120  7:23  Centrifical Hooks  
  120  7:32  Evolution Chamber x2  
  120  7:34  Drone  
  120  7:35  Evolution Chamber, Drone x2  
  120  7:46  Chitinous Plating  
  120  7:50  Overlord x2  
  120  7:52  Hatchery  
  120  7:58  Zerg Ground Armor Level 1, Zerg Melee Weapons Level 1  
  119  8:01  Zerg Missile Weapons Level 1  
  119  8:03  Drone x2  
  119  8:04  Drone  
  119  8:05  Overlord  
  122  8:07  Pneumatized Carapace  
  122  8:09  Overseer  
  122  8:11  Overseer  
  122  8:18  Ultralisk  
  128  8:22  Overlord, Drone  
  128  8:24  Drone x2  
  128  8:25  Drone  
  132  8:31  Ultralisk  
  132  8:33  Overlord  
  138  8:41  Ultralisk  
  144  8:46  Drone  
  144  8:47  Drone  
  144  8:48  Drone x3  
  148  8:49  Drone x2  
  148  8:50  Overlord  
  151  8:58  Ultralisk  
  151  9:00  Baneling  
  151  9:01  Baneling x3  
  151  9:02  Baneling  
  157  9:08  Overlord  
  157  9:13  Ultralisk  
  163  9:17  Extractor  
  163  9:18  Extractor  
  161  9:27  Ultralisk  
  167  9:31  Drone x2  
  167  9:33  Drone  
  167  9:34  Hatchery, Anabolic Synthesis  
  169  9:46  Ultralisk  
  169  9:49  Drone x2  
  169  9:50  Overlord, Drone x3  
  169  9:51  Overlord  
  169  9:52  Overlord  
  180  10:02  Zerg Melee Weapons Level 2  
  180  10:03  Zerg Ground Armor Level 2  
  180  10:09  Zerg Missile Weapons Level 2  
  180  10:19  Ultralisk  
  186  10:28  Ultralisk  
  192  10:30  Drone  
  192  10:31  Drone x3  
  192  10:32  Drone  
  197  10:36  Hatchery  
  197  10:37  Drone x3  
Tags
 
Add a new tag
Caveats
  • Supply blocks, unpowered buildings, or Contaminate may cause inaccurate times.
  • Supply counts are checked every 10 seconds.